 Dungeon Crawl Stone Soup version 0.26-a0-215-g1b87330c0f (webtiles) character file.

Game seed: 9768287811845232758

261 BritishOli the Slasher (level 5, 0/41 HPs)
             Began as a Demonspawn Gladiator on July 6, 2020.
             Slain by Sigmund
             ... wielding a +0 scythe
              (8 damage)
             ... on level 3 of the Dungeon.
             The game lasted 00:03:42 (2651 turns).

BritishOli the Slasher (Demonspawn Gladiator)       Turns: 2651, Time: 00:03:43

Health: 0/41       AC: 10    Str: 15    XL:     5   Next: 96%
Magic:  5/5        EV: 12    Int:  9    God:
Gold:   182        SH:  0    Dex: 15    Spells: 4/4 levels left

rFire    + . .     SeeInvis .   a - +0 long sword
rCold    x . .     Faith    .   (no shield)
rNeg     . . .     Spirit   .   l - +0 ring mail
rPois    .         Reflect  .   c - +0 helmet
rElec    .         Harm     .   (no cloak)
rCorr    .                      (no gloves)
MR       +....                  p - +1 pair of boots
Stlth    +.........             u - amulet of the acrobat
HPRegen  0.13/turn              h - ring of protection from magic
MPRegen  0.09/turn              i - ring of fire

@: no status effects
A: thin metallic scales 1
a: no special abilities


You were on level 3 of the Dungeon.
You were not hungry.

You visited 1 branch of the dungeon, and saw 3 of its levels.

You collected 182 gold pieces.

Inventory:

Hand Weapons
 a - a +0 long sword (weapon)
Missiles
 d - 3 throwing nets (quivered)
Armour
 c - a +0 helmet (worn)
 l - a +0 ring mail (worn)
 p - a +1 pair of boots (worn)
 s - a +0 tower shield
Jewellery
 h - a ring of protection from magic (left hand)
 i - a ring of fire (right hand)
 t - an uncursed ring of positive energy
 u - an amulet of the acrobat (around neck)
Wands
 q - a wand of polymorph (2)
 r - a wand of paralysis (6)
Scrolls
 b - 2 scrolls of enchant weapon {unknown}
 f - a scroll of fear {unknown}
 g - 4 scrolls of identify {unknown}
 k - 2 scrolls of remove curse {unknown}
 n - a scroll of amnesia {unknown}
 v - a scroll of teleportation {unknown}
Potions
 e - a potion of berserk rage {unknown}
 j - a potion of brilliance {unknown}
 m - a potion of resistance {unknown}
 o - a potion of curing {unknown}


   Skills:
 + Level 3.3 Fighting
 * Level 4.2 Long Blades
 - Level 2.1 Throwing
 + Level 2.0 Armour
 + Level 3.6 Dodging


You had 4 spell levels left.
You didn't know any spells.
Your spell library was empty.

Dungeon Overview and Level Annotations

Branches:
Dungeon (3/15)

Altars:
Ashenzari
Dithmenos
Gozag
Qazlal
Wu Jian
Xom

Annotations:
D:3 Sigmund


Innate Abilities, Weirdness & Mutations

You are partially covered in thin metallic scales. (AC +2)


Message History

You are too injured to fight recklessly!
You barely miss Sigmund.
Sigmund is heavily wounded.
Sigmund gestures at you while chanting. The puff of flame hits you. You resist.
Sigmund hits you with a +0 scythe!
* * * LOW HITPOINT WARNING * * *
You barely miss Sigmund.
Sigmund is heavily wounded.
You barely miss Sigmund.
Sigmund is heavily wounded.
Sigmund closely misses you.
You riposte.
You barely miss Sigmund.
Sigmund is heavily wounded.
You closely miss Sigmund.
Sigmund is heavily wounded.
Sigmund hits you with a +0 scythe.
* * * LOW HITPOINT WARNING * * *
You slash Sigmund!
Sigmund is almost dead.
Sigmund hits you with a +0 scythe!
You die...

#.# #........# # #.#
..# #.######.###
###.######## #.# #.#
#.... ####..........#
#.# #.# ###.#
........#####.####.#
#.# #.#
####.#....†......#.#
#.# #..
#.#.######.##.#.# #.#
###
#.#.######.##.#.###.#
# ..........@@<.....#
.#.#.##.(...########
#>#.# #.....# #
#............
###.##...>.#.# ..
.......#.# #
.######## . ##


You could see Sigmund.

Vanquished Creatures
  An orc priest (D:3)
  3 orc wizards (D:3)
  Jessica (D:3)
  A gnoll (D:1)
  3 adders (D:2)
  2 oozes (D:2)
  3 worms (D:2)
  2 dart slugs
  2 leopard geckos
  3 orcs (D:3)
  5 giant cockroaches
  3 goblins
  5 hobgoblins
  6 jackals
  2 quokkas
  2 ball pythons
  8 bats
  3 frilled lizards
  6 kobolds
  5 rats
66 creatures vanquished.

Notes
Turn   | Place    | Note
-------+----------+-------------------------------------------
     0 | D:1      | BritishOli the Demonspawn Gladiator began the quest for the
                  | Orb.
     0 | D:1      | Reached XP level 1. HP: 16/16 MP: 1/1
   104 | D:1      | Gained mutation: You are partially covered in thin metallic
                  | scales. (AC +2) [demonic ancestry]
   104 | D:1      | Reached XP level 2. HP: 21/22 MP: 2/2
   452 | D:2      | Found a shattered altar of Ashenzari.
   452 | D:2      | Found a shadowy altar of Dithmenos.
   454 | D:2      | Found a stormy altar of Qazlal.
   456 | D:2      | Found an ornate altar of the Wu Jian Council.
   456 | D:2      | Found a shimmering altar of Xom.
   457 | D:2      | Found an opulent altar of Gozag.
   537 | D:2      | Reached skill level 3 in Long Blades
   537 | D:2      | Reached XP level 3. HP: 25/28 MP: 3/3
   611 | D:2      | Reached skill level 1 in Armour
   925 | D:2      | Reached XP level 4. HP: 25/34 MP: 4/4
  1513 | D:3      | Noticed Jessica
  1528 | D:3      | Killed Jessica
  1575 | D:3      | Reached XP level 5. HP: 10/41 MP: 5/5
  1835 | D:3      | Reached skill level 4 in Long Blades
  2234 | D:3      | Noticed Sigmund
  2651 | D:3      | Slain by Sigmund

Illustrated notes

Levels and vault maps discovered:
D:1:      dpeg_arrival_long_road, layout_basic
D:2:      layout_basic, grunt_temple_overflow_open
D:3:      layout_loops_ring, uniq_sigmund, uniq_jessica

Skill      XL: |  1  2  3  4  5 |
---------------+----------------+-----
Throwing       | 2 |  2.1
Long Blades    | 3 4 |  4.2
Dodging        | 3 |  3.6
Armour         | 1 2 |  2.0
Fighting       | 3 |  3.3

Action                   |  1- 3 |  4- 6 || total
-------------------------+-------+-------++-------
Melee: Long sword        |    94 |   169 ||   263
  Eat: Ration            |       |     2 ||     2
Armor: Leather armour    |    27 |       ||    27
       Ring mail         |    10 |    68 ||    78
Dodge: Dodged            |    71 |   103 ||   174
       Rpst.: Long sword |    21 |    32 ||    53

Table legend:
 A = Non-vault XP
 B = Vault XP
 C = Vault XP percentage of total XP
 D = Non-vault monster count
 E = Vault monster count
 F = Vault count percentage of total count
                 A         B        C        D         E       F
            +---------+---------+-------+---------+---------+-------
      Total |     336 |      37 |   9.9 |      65 |       1 |   1.5
            +---------+---------+-------+---------+---------+-------
        D:1 |      47 |       0 |   0.0 |      20 |       0 |   0.0
        D:2 |      90 |       0 |   0.0 |      21 |       0 |   0.0
        D:3 |     199 |      37 |  15.7 |      24 |       1 |   4.0
            +---------+---------+-------+---------+---------+-------
